Map: Automaton LE

Players

Leandoer - Winner!

  • Race: Zerg Zerg
  • Spawn Location: 3:00

fps

  • Race: Protoss Protoss
  • Spawn Location: 9:00

Event: 2019 WCS Spring

VOD

Have the link to the VOD?

Description

Time

  • Played on: May 17, 2019, 9:03 a.m.
  • Length: 20:04

All games in this series

Show
View Real Time Build Order
Export as new Build Order

Leandoer Zerg - Winner!

Build Orders: Hatch First 

Get SALT Encoding   

  12  0:00  Drone  
  13  0:12  Overlord  
  13  0:18  Drone  
  14  0:31  Drone x2  
  16  0:51  Hatchery  
  16  0:53  Drone  
  16  0:56  Drone  
  17  1:00  Drone  
  18  1:11  Extractor  
  17  1:16  Spawning Pool  
  16  1:18  Drone  
  16  1:22  Drone  
  18  1:29  Drone  
  19  1:46  Drone  
  20  1:51  Overlord  
  20  2:03  Queen x2  
  20  2:04  Zergling x4  
  26  2:11  Drone  
  26  2:12  Metabolic Boost  
  27  2:16  Drone  
  28  2:28  Drone  
  28  2:29  Drone  
  30  2:40  Hatchery  
  29  2:47  Drone x2  
  29  2:48  Overlord  
  31  2:53  Drone  
  31  2:54  Drone  
  33  3:00  Drone  
  33  3:03  Queen  
  36  3:08  Overlord  
  36  3:13  Overlord  
  36  3:16  Drone  
  36  3:17  Drone  
  36  3:19  Drone  
  39  3:26  Drone  
  40  3:27  Drone x3  
  40  3:30  Drone  
  44  3:34  Drone  
  44  3:41  Lair  
  45  3:42  Drone x2  
  45  3:45  Drone x2  
  49  3:54  Queen  
  49  3:55  Drone  
  52  3:57  Queen  
  52  3:59  Drone  
  52  4:02  Extractor x2  
  53  4:06  Roach Warren  
  53  4:09  Drone x2  
  53  4:10  Drone  
  54  4:18  Overlord  
  54  4:23  Overlord  
  54  4:31  Overlord  
  54  4:32  Overlord x3  
  54  4:36  Overlord x2  
  55  4:38  Zergling x2  
  55  4:39  Zergling x2  
  55  4:41  Drone  
  55  4:42  Drone  
  55  4:43  Overseer  
  58  4:48  Roach x2  
  58  4:50  Roach  
  64  4:53  Roach  
  64  4:56  Overseer  
  64  4:58  Roach  
  68  5:06  Roach x3  
  68  5:07  Roach  
  76  5:10  Roach  
  76  5:11  Roach  
  80  5:15  Drone x3  
  80  5:18  Roach  
  80  5:20  Roach  
  87  5:22  Roach  
  87  5:23  Zergling x2  
  87  5:25  Drone  
  87  5:27  Drone  
  87  5:28  Drone  
  93  5:32  Overlord  
  93  5:34  Drone x2  
  95  5:36  Drone  
  95  5:37  Drone  
  95  5:39  Drone  
  95  5:40  Drone  
  95  5:42  Drone  
  100  5:43  Drone  
  100  5:45  Drone x2  
  100  5:47  Drone  
  104  5:50  Overlord  
  104  5:51  Drone  
  104  5:52  Drone  
  106  5:58  Ravager x5  
  111  6:05  Extractor  
  111  6:06  Extractor  
  111  6:09  Evolution Chamber  
  108  6:14  Roach x4  
  108  6:16  Drone x3  
  108  6:17  Drone  
  120  6:19  Baneling Nest  
  120  6:24  Roach x4  
  120  6:25  Roach  
  129  6:35  Glial Reconstitution  
  129  6:42  Zerg Missile Weapons Level 1  
  129  6:46  Extractor, Drone x3  
  131  6:50  Zergling x14  
  137  7:14  Zergling x2  
  137  7:15  Zergling x2  
  136  7:25  Zergling x2  
  137  7:35  Overlord x4  
  136  7:38  Centrifical Hooks  
  136  7:43  Hydralisk Den  
  135  7:53  Zergling x2  
  135  7:54  Zergling x18  
  124  8:20  Zergling x24  
  119  8:30  Zergling x2  
  119  8:31  Zergling x4  
  107  8:36  Ravager  
  107  8:39  Zergling x4  
  104  8:56  Hydralisk x4  
  104  8:58  Baneling x2  
  104  8:59  Baneling x5  
  110  9:03  Hydralisk x3  
  110  9:06  Zerg Missile Weapons Level 2  
  110  9:08  Overseer  
  116  9:11  Hydralisk x5  
  126  9:17  Hydralisk x6  
  138  9:25  Hatchery  
  138  9:26  Muscular Augments  
  138  9:27  Zergling x2  
  138  9:28  Zergling x6  
  123  9:53  Zergling x24  
  123  9:54  Zergling x2  
  130  10:02  Hydralisk x2  
  129  10:10  Hydralisk x4  
  127  10:15  Baneling x6  
  127  10:16  Baneling x7  
  127  10:17  Baneling x2  
  127  10:18  Hydralisk x7  
  141  10:23  Hydralisk  
  141  10:27  Hydralisk  
  145  10:31  Hydralisk  
  145  10:32  Hydralisk  
  149  10:37  Grooved Spines, Queen  
  149  10:38  Hydralisk x4  
  149  10:40  Hydralisk  
  149  10:41  Hydralisk x3  
  167  10:46  Overlord x4  
  167  10:55  Overlord x3  
  167  10:57  Extractor  
  167  10:58  Extractor  
  167  11:01  Infestation Pit  
  164  11:05  Hydralisk x6  
  164  11:11  Zergling x14  
  180  11:13  Baneling  
  180  11:14  Baneling x16  
  180  11:16  Hydralisk  
  180  11:18  Zergling x6  
  189  11:23  Zerg Melee Weapons Level 1  
  162  11:36  Hydralisk  
  162  11:37  Hydralisk x6  
  162  11:38  Zergling x10  
  162  11:39  Zergling x2  
  144  11:45  Baneling  
  144  11:46  Baneling x4  
  144  11:52  Extractor  
  144  11:53  Extractor, Drone x3  
  144  11:54  Drone x3  
  148  11:55  Drone x2  
  148  11:57  Baneling x2  
  148  11:58  Baneling  
  150  12:01  Zergling x4  
  150  12:05  Hive  
  152  12:12  Spire  
  148  12:19  Zergling x6  
  148  12:20  Zergling x12  
  126  12:31  Zergling x14  
  114  12:44  Zergling x2  
  114  12:45  Zergling x22  
  124  12:56  Baneling  
  124  12:57  Baneling x5  
  122  13:07  Overlord x2  
  122  13:13  Hydralisk x5  
  122  13:17  Hatchery  
  131  13:20  Overlord x2  
  116  13:42  Hydralisk x7  
  116  13:43  Hydralisk  
  116  13:44  Zergling x2  
  130  13:53  Hydralisk x5  
  130  13:54  Hydralisk  
  130  13:55  Zergling x2  
  143  13:57  Zergling x2  
  143  13:58  Zergling x2  
  145  14:11  Baneling x6  
  145  14:12  Baneling x5  
  145  14:16  Hydralisk x4  
  153  14:17  Zergling x2  
  153  14:18  Zergling x2  
  93  14:38  Hydralisk  
  93  14:39  Hydralisk x5  
  93  14:40  Zergling x2  
  93  14:43  Drone x2  
  103  14:46  Drone  
  103  14:57  Drone x6  
  103  14:59  Drone  
  110  15:06  Greater Spire  
  110  15:10  Drone x3  
  110  15:13  Overseer  
  113  15:18  Drone x3  
  113  15:21  Baneling x2  
  116  15:22  Zergling x6  
  116  15:26  Drone x2  
  121  15:29  Overlord  
  121  15:37  Corruptor x3  
  127  15:43  Corruptor  
  129  15:52  Corruptor x2  
  133  16:03  Drone  
  134  16:08  Baneling x2  
  134  16:13  Zergling x10  
  134  16:17  Brood Lord x2  
  134  16:18  Brood Lord x2  
  146  16:24  Brood Lord x2  
  146  16:25  Hydralisk x4  
  152  16:27  Zergling x2  
  152  16:28  Zergling x2  
  152  16:32  Zergling x8  
  164  16:33  Zergling x2  
  164  16:36  Baneling x2  
  164  16:37  Baneling x2  
  164  16:39  Zerg Flyer Weapons Level 1  
  165  16:40  Zergling x2  
  165  16:41  Zergling x4  
  165  16:46  Drone  
  165  16:47  Extractor, Drone x3  
  170  16:48  Drone  
  170  16:52  Baneling x3  
  170  16:53  Baneling x7  
  172  17:02  Overlord  
  172  17:03  Corruptor x2  
  172  17:04  Corruptor  
  178  17:08  Overseer  
  178  17:09  Corruptor  
  178  17:12  Corruptor  
  182  17:33  Hatchery  
  182  17:35  Brood Lord  
  182  17:36  Brood Lord x2  
  187  17:41  Brood Lord x2  
  189  17:55  Corruptor x2  
  189  17:56  Corruptor x2  
  195  18:11  Zergling x2  
  195  18:12  Zergling x18  
  200  18:22  Extractor x2  
  198  18:27  Infestor  
  200  18:37  Pathogen Glands  
  192  18:49  Brood Lord  
  192  18:50  Brood Lord x3  
  192  18:53  Baneling x2  
  185  19:11  Infestor x5  
  194  19:17  Zergling x2  
  194  19:18  Zergling x10  
Show
View Real Time Build Order
Export as new Build Order

fps Protoss 

Build Orders: 1 Gate Expand, Double Forge, Archon Immortal 

Get SALT Encoding   

  12  0:01  Probe  
  13  0:13  Probe  
  14  0:19  Pylon  
  14  0:25  Probe  
  15  0:37  Probe  
  15  0:40  Gateway  
  17  0:50  Probe  
  17  0:51  Assimilator  
  17  1:02  Probe  
  18  1:14  Probe  
  19  1:26  Probe  
  20  1:32  Nexus  
  21  1:40  Probe  
  21  1:49  Cybernetics Core  
  21  1:52  Probe  
  22  1:58  Pylon  
  22  2:04  Assimilator  
  22  2:05  Probe  
  23  2:20  Probe  
  24  2:26  Gateway  
  24  2:29  Stalker  
  24  2:32  Probe  
  24  2:43  Warp Gate, Shield Battery  
  26  2:45  Probe  
  26  2:48  Probe  
  28  2:56  Probe  
  28  2:57  Probe  
  29  3:00  Sentry  
  29  3:04  Probe  
  32  3:10  Probe  
  34  3:15  Probe  
  35  3:22  Probe  
  35  3:23  Assimilator  
  36  3:27  Probe  
  36  3:34  Probe  
  38  3:38  Twilight Council  
  38  3:39  Probe  
  39  3:46  Probe  
  40  3:51  Probe  
  41  3:56  Nexus  
  41  3:58  Probe  
  42  4:03  Probe  
  42  4:07  Adept  
  45  4:11  Pylon  
  45  4:12  Probe  
  46  4:18  Pylon  
  46  4:24  Pylon  
  46  4:25  Probe  
  46  4:27  Charge  
  46  4:29  Probe, Adept  
  50  4:34  Assimilator  
  50  4:37  Probe  
  51  4:41  Probe, Pylon  
  52  4:47  Forge  
  52  4:49  Probe  
  53  4:54  Forge  
  53  4:59  Robotics Facility  
  53  5:00  Probe  
  53  5:01  Pylon  
  53  5:06  Probe  
  55  5:13  Templar Archives  
  55  5:15  Probe  
  55  5:16  Probe  
  55  5:18  Probe  
  58  5:23  Adept  
  58  5:26  Adept  
  58  5:28  Protoss Ground Weapons Level 1, Probe x2  
  64  5:29  Protoss Ground Armor Level 1  
  64  5:30  Probe  
  65  5:38  Immortal  
  65  5:40  Probe x2  
  67  5:43  Probe  
  72  5:52  Probe  
  72  5:56  Nexus  
  73  6:00  Pylon  
  74  6:18  Probe x3  
  74  6:20  High Templar x2  
  80  6:28  Gateway  
  80  6:29  Gateway  
  80  6:30  Probe x2  
  80  6:32  Gateway x2  
  82  6:34  Probe  
  82  6:36  Gateway x2  
  83  6:42  Probe  
  83  6:46  Probe  
  85  6:50  Assimilator  
  85  6:52  Assimilator  
  85  6:58  Probe  
  81  7:02  High Templar x2  
  81  7:06  Archon  
  79  7:25  Zealot x2  
  81  7:32  Zealot x5  
  81  7:36  Zealot  
  81  7:37  Immortal  
  93  7:49  Protoss Ground Armor Level 2, High Templar x2, Protoss Ground Weapons Level 2  
  97  7:52  Gateway x2  
  97  7:53  Archon  
  97  7:54  Zealot x2  
  101  7:58  Pylon  
  101  8:04  Zealot x3  
  91  8:13  Zealot  
  91  8:16  Immortal  
  72  8:32  Zealot x4  
  70  8:38  High Templar x2  
  64  8:43  Archon  
  64  8:56  High Templar x2  
  64  8:57  High Templar x2  
  64  8:58  Zealot x2  
  64  9:00  Probe x3  
  79  9:08  Pylon  
  79  9:12  High Templar x2, Probe, Gateway  
  79  9:13  Immortal, Probe x2  
  79  9:16  Nexus  
  90  9:22  Pylon  
  90  9:25  Pylon  
  90  9:31  Gateway  
  90  9:32  Archon x2  
  90  9:33  Gateway  
  90  9:35  High Templar x2  
  90  9:36  High Templar x2, Gateway, Archon  
  90  9:37  Cybernetics Core  
  98  9:39  Archon  
  98  9:40  Archon  
  98  9:42  Zealot x2  
  98  9:58  Immortal  
  102  10:00  Zealot x2  
  102  10:01  Probe  
  102  10:02  Probe x2  
  102  10:06  High Templar x2  
  113  10:09  High Templar x2  
  113  10:13  Archon  
  117  10:14  Archon  
  117  10:21  Pylon  
  117  10:23  Pylon  
  117  10:25  Pylon  
  117  10:28  Probe x3  
  120  10:31  Pylon  
  120  10:35  Sentry  
  122  10:36  High Templar x2  
  122  10:37  Zealot  
  122  10:40  Probe x3  
  131  10:44  Probe  
  131  10:46  Protoss Ground Weapons Level 3  
  131  10:48  Stalker x3  
  131  10:49  Zealot  
  140  10:51  Archon  
  140  10:52  Probe x2  
  140  10:53  Zealot  
  140  10:55  Zealot  
  146  10:59  Warp Prism  
  146  11:04  Protoss Ground Armor Level 3  
  148  11:22  Zealot x4  
  130  11:36  Observer  
  91  11:42  Zealot x2  
  91  11:43  Zealot x7  
  91  11:45  High Templar x2  
  91  11:47  Sentry  
  105  11:49  Archon  
  105  12:03  Immortal  
  105  12:06  Sentry  
  105  12:07  Zealot x5  
  121  12:09  Probe x2  
  121  12:10  Probe  
  124  12:20  Zealot x2, High Templar x2  
  124  12:21  Zealot, Probe  
  97  12:30  Archon  
  97  12:31  Zealot x4  
  97  12:33  Sentry  
  104  12:42  Zealot x2, Pylon  
  104  12:43  Zealot x2  
  94  12:51  High Templar x2  
  92  12:52  Sentry  
  92  12:53  Zealot x3  
  92  12:54  Probe  
  92  12:55  Probe  
  92  12:58  Archon  
  102  13:01  Zealot x2  
  102  13:03  Probe  
  102  13:05  Assimilator  
  107  13:06  Probe  
  107  13:07  Probe  
  107  13:08  High Templar  
  107  13:09  High Templar  
  107  13:10  Assimilator  
  113  13:13  Archon  
  113  13:17  Sentry  
  113  13:18  Zealot x3  
  113  13:19  Probe x3  
  112  13:30  Zealot x3  
  111  13:37  High Templar  
  111  13:39  Zealot x2  
  98  13:52  Zealot  
  98  13:53  Zealot x2  
  104  14:04  Warp Prism  
  104  14:06  Probe  
  104  14:07  Probe  
  108  14:19  High Templar x2  
  108  14:20  Zealot  
  114  14:27  Archon  
  48  14:56  High Templar  
  48  15:00  High Templar  
  48  15:01  Zealot x5  
  60  15:10  Probe x2  
  62  15:15  Nexus  
  62  15:22  Probe x2  
  62  15:24  High Templar x2  
  62  15:25  Sentry  
  62  15:26  Archon  
  70  15:32  Archon  
  70  15:33  Sentry  
  70  15:34  Probe  
  70  15:35  Zealot  
  75  15:38  Probe  
  76  15:46  Probe  
  76  15:48  High Templar x2  
  81  15:50  Probe  
  81  15:56  Archon  
  82  15:58  Probe  
  82  16:01  Zealot  
  82  16:02  Zealot, Probe  
  88  16:06  Probe  
  88  16:09  High Templar  
  88  16:10  High Templar, Probe  
  94  16:14  Probe, Archon  
  94  16:15  Zealot  
  97  16:23  Probe x2  
  99  16:28  High Templar x2  
  99  16:29  Zealot  
  99  16:32  Archon  
  105  16:33  Probe x2  
  105  16:35  Probe  
  108  16:40  Pylon  
  108  16:48  Protoss Shields Level 1  
  108  16:56  Photon Cannon, High Templar x2  
  108  17:00  Archon  
  112  17:02  Photon Cannon  
  112  17:05  Shield Battery  
  112  17:08  High Templar x2  
  114  17:12  Sentry  
  114  17:15  Archon  
  118  17:18  Probe x4  
  122  17:24  Observer  
  122  17:25  High Templar x2  
  122  17:27  Zealot  
  122  17:29  Archon  
  129  17:39  Zealot x2  
  129  17:40  Zealot  
  129  17:41  Probe x2  
  129  17:43  Probe  
  135  17:59  Zealot x3  
  135  18:00  Zealot x2  
  140  18:08  High Templar x2  
  140  18:09  High Templar x2  
  140  18:11  Zealot  
  145  18:13  Probe x2  
  145  18:17  Archon x2  
  145  18:19  High Templar x2  
  151  18:23  Archon  
  151  18:28  Photon Cannon  
  151  18:30  Probe  
  151  18:31  Shield Battery  
  152  18:35  High Templar x2  
  152  18:37  Probe  
  152  18:39  Archon  
  153  19:02  Zealot x2  
  149  19:03  Zealot x3  
  141  19:16  Stalker x2  
  137  19:17  Stargate  
  127  19:29  Stalker x2  
  131  19:31  Stalker  
  131  19:38  Stalker  
  135  19:39  High Templar  
  135  19:40  High Templar  
  135  19:45  Archon  
Tags
 
Add a new tag
Caveats
  • Supply blocks, unpowered buildings, or Contaminate may cause inaccurate times.
  • Supply counts are checked every 10 seconds.